 Dungeon Crawl Stone Soup version 0.28-a0-1616-g050a50673c (webtiles) character file.

Game seed: 225147487772431882

2398 rogsnak the Thaumaturge (level 9, -4/65 HPs)
             Began as a Gnoll Hedge Wizard on Jan 22, 2022.
             Killed from afar by a white imp (6 damage)
             ... with a puff of frost
             ... on level 7 of the Dungeon.
             The game lasted 00:16:43 (8444 turns).

rogsnak the Thaumaturge (Gnoll Hedge Wizard)        Turns: 8444, Time: 00:16:43

Health: -4/65      AC:  4    Str: 11    XL:     9   Next: 46%
Magic:  21/21      EV: 18    Int: 17    God:
Gold:   505        SH:  0    Dex: 11    Spells: 14/24 levels left

rFire   + . .      SeeInvis .   f - +1 whip (venom)
rCold   . . .      Faith    .   (no shield)
rNeg    . . .      Spirit   .   L - +1 robe {rF+}
rPois   .          Reflect  .   c - +0 hat
rElec   .          Harm     .   (no cloak)
rCorr   +          Rampage  .   (no gloves)
Will    .....                   m - +0 pair of boots
Stlth   +++.......              (no amulet)
HPRegen 0.20/turn               E - +4 ring of evasion
MPRegen 0.17/turn               I - ring of resist corrosion

@: no status effects
A: fangs 1, strong nose, distributed training
a: no special abilities


You were on level 7 of the Dungeon.
You visited 1 branch of the dungeon, and saw 10 of its levels.

You collected 505 gold pieces.

Inventory:

Hand Weapons
 a - a +0 dagger
 d - a +0 mace
 f - a +1 whip of venom (weapon)
 k - a +0 trident
 u - a +0 shortbow
Missiles
 e - 81 sling bullets
 h - 6 javelins
 o - 79 bolts
 v - 35 arrows
 B - a throwing net
Armour
 b - a +0 robe
 c - a +0 hat (worn)
 m - a +0 pair of boots (worn)
 F - a +0 leather armour
 L - a +1 robe of fire resistance (worn)
Jewellery
 E - a +4 ring of evasion (left hand)
 I - a ring of resist corrosion (right hand)
Wands
 w - a wand of iceblast (8)
 y - a wand of flame (25)
Scrolls
 i - 3 scrolls of immolation {unknown}
 j - a scroll of brand weapon {unknown}
 l - 3 scrolls of vulnerability {unknown}
 q - 2 scrolls of noise {unknown}
 s - a scroll of torment {unknown}
 x - 3 scrolls of identify {unknown}
 G - a scroll of teleportation {unknown}
 J - a scroll of magic mapping {unknown}
 K - a scroll of fog {unknown}
Potions
 g - 6 potions of mutation {unknown}
 n - 2 potions of heal wounds
 p - a potion of cancellation {unknown}
 r - 2 potions of curing {unknown}
 t - 3 potions of degeneration {unknown}
 z - a potion of might {unknown}
 A - 2 potions of magic {unknown}
 C - a potion of haste {unknown}
 D - a potion of flight {unknown}
 H - a potion of lignification {unknown}


   Skills:
 + Level 4.2 Fighting
 + Level 4.2 Short Blades
 + Level 4.2 Long Blades
 + Level 4.2 Axes
 + Level 4.2 Maces & Flails
 + Level 4.2 Polearms
 + Level 4.2 Staves
 + Level 4.2 Slings
 + Level 4.2 Bows
 + Level 4.2 Crossbows
 + Level 4.2 Throwing
 + Level 4.2 Armour
 + Level 6.3 Dodging
 + Level 6.0 Stealth
 + Level 4.2 Shields
 + Level 4.2 Unarmed Combat
 + Level 8.4 Spellcasting
 + Level 4.2 Conjurations
 + Level 3.5 Hexes
 + Level 4.2 Summonings
 + Level 3.5 Necromancy
 + Level 4.2 Translocations
 + Level 3.5 Transmutations
 + Level 3.5 Fire Magic
 + Level 3.5 Ice Magic
 + Level 3.5 Air Magic
 + Level 3.5 Earth Magic
 + Level 3.5 Poison Magic
 + Level 4.7 Invocations
 + Level 4.2 Evocations


You had 14 spell levels left.
You knew the following spells:

 Your Spells              Type           Power      Damage    Failure   Level
a - Magic Dart            Conj           84%        1d7       1%          1
b - Blink                 Tloc           42%        N/A       2%          2
c - Mephitic Cloud        Conj/Pois/Air  19%        N/A       6%          3
d - Sticky Flame          Conj/Fire      20%        2d4       21%         4

Your spell library contained the following spells:

 Spells                   Type           Power      Damage    Failure   Level
 Slow                     Hex            76%        N/A       2%          1
 Call Imp                 Summ           21%        N/A       2%          2
 Conjure Flame            Conj/Fire      20%        6-21      6%          3
 Ignite Poison            Fire/Tmut/Pois 19%        N/A       7%          3


Dungeon Overview and Level Annotations

Branches:
Dungeon (10/15)              Lair (0/6) D:10
 Temple: D:4-7          Orc: D:9-12

Altars:
Yredelemnul

Shops:
D:1 [   D:2 [?:=:   D:3 (

Annotations:
D:3 cyrus's ghost, amateur NaTm
D:10 exclusion: 2 oklob plants


Innate Abilities, Weirdness & Mutations

You have very sharp teeth.
Your uncanny sense of smell can sniff out nearby items.
Your experience applies equally to all skills.


Message History

You catch the helpless gnoll sergeant completely off-guard!
You hit the gnoll sergeant.
The gnoll sergeant is heavily wounded.
The gnoll hits the gnoll sergeant but does no damage.
The gnoll is engulfed in noxious fumes.
The gnoll appears confused.
The gnoll hits the gnoll sergeant but does no damage.
Unknown command.
Unknown command.
You hit the gnoll sergeant.
The gnoll sergeant looks as sick as possible!
You bite the gnoll sergeant, but do no damage.
The gnoll sergeant is severely wounded.
The gnoll sergeant hits the gnoll with a +0 trident of protection!
Unknown command.
Unknown command.
You kill the gnoll sergeant!
The gnoll drinks a potion.
The gnoll flickers and vanishes!
Deactivating autopickup; reactivate with Ctrl-A.
The gnoll is engulfed in noxious fumes.
The gnoll appears confused.
The gnoll hits you but does no damage.
You climb upwards.
Reactivating autopickup.
There is a stone staircase leading down here.
You start resting.
Magic restored.
A white imp comes into view.
The white imp shouts!
The white imp hits you but does no damage.
The white imp gestures at you. The puff of frost hits you!
* * * LOW HITPOINT WARNING * * *
The white imp gestures at you. The puff of frost hits you!
* * * LOW HITPOINT WARNING * * *
The white imp closely misses you. The white imp barely misses you.
The white imp closely misses you. The white imp gestures at you.
The puff of frost hits you.
You die...

##...# ∆
###...####
##........####
#............##
#.............#
#..#...........#
####...........#
#.....5).....#
##.....@......#
#.............#
#.............#
#.............#
#.............#
#............##
#............#
#.#..........##
####.........#


You could see a white imp.

Vanquished Creatures
  A two-headed ogre (D:8)
  A wyvern (D:8)
  A steam dragon (D:6)
  An ice beast (D:8)
  A black bear (D:6)
  2 ogres (D:4)
  2 necrophages
  A centaur (D:4)
  2 bullfrogs (D:6)
  A gnoll sergeant (D:8)
  2 scorpions (D:4)
  A howler monkey (D:5)
  2 hounds
  3 jellies
  A bullfrog zombie (D:5)
  3 bullfrog skeletons
  2 iguanas
  3 orc wizards
  2 hound zombies (D:5)
  A gnoll (D:1)
  7 adders
  A shadow imp (D:5)
  2 ufetubi
  An adder skeleton (D:4)
  3 worms
  3 dart slugs
  10 orcs
  6 bats
  6 endoplasms
  3 giant cockroaches
  5 goblins
  5 hobgoblins
  7 quokkas
  6 ball pythons
  5 frilled lizards
  4 kobolds
  2 rats (D:1)
109 creatures vanquished.

Notes
Turn   | Place    | Note
-------+----------+-------------------------------------------
     0 | D:1      | rogsnak the Gnoll Hedge Wizard began the quest for the Orb.
     0 | D:1      | Reached XP level 1. HP: 13/13 MP: 8/8
   377 | D:1      | Found Direnty's Antique Armour Emporium.
   396 | D:1      | Reached XP level 2. HP: 19/19 MP: 7/10
   793 | D:1      | Reached XP level 3. HP: 25/25 MP: 9/11
   876 | D:1      | Learned a level 2 spell: Blink
   880 | D:1      | Learned a level 3 spell: Mephitic Cloud
   931 | D:1      | Reached skill level 1 in Invocations
  1247 | D:2      | Found Seif's Book Shop.
  1314 | D:2      | Found Mass's Jewellery Boutique.
  1366 | D:2      | Found Cunikana's Book Shoppe.
  1640 | D:2      | Found Suddapn's Antique Armour Shop.
  1716 | D:2      | Reached skill level 1 in Fighting
  1716 | D:2      | Reached skill level 1 in Short Blades
  1716 | D:2      | Reached skill level 1 in Long Blades
  1716 | D:2      | Reached skill level 1 in Axes
  1716 | D:2      | Reached skill level 1 in Maces & Flails
  1716 | D:2      | Reached skill level 1 in Polearms
  1716 | D:2      | Reached skill level 1 in Staves
  1716 | D:2      | Reached skill level 1 in Slings
  1716 | D:2      | Reached skill level 1 in Bows
  1716 | D:2      | Reached skill level 1 in Crossbows
  1716 | D:2      | Reached skill level 1 in Throwing
  1716 | D:2      | Reached skill level 1 in Armour
  1716 | D:2      | Reached skill level 1 in Shields
  1716 | D:2      | Reached skill level 1 in Unarmed Combat
  1716 | D:2      | Reached skill level 1 in Evocations
  1844 | D:2      | Found Voqaqodd's Magic Scroll Emporium.
  1868 | D:2      | Reached XP level 4. HP: 32/32 MP: 7/13
  2535 | D:3      | Found a basalt altar of Yredelemnul.
  2558 | D:3      | Reached skill level 1 in Hexes
  2558 | D:3      | Reached skill level 1 in Necromancy
  2558 | D:3      | Reached skill level 1 in Transmutations
  2558 | D:3      | Reached skill level 1 in Fire Magic
  2558 | D:3      | Reached skill level 1 in Ice Magic
  2558 | D:3      | Reached skill level 1 in Air Magic
  2558 | D:3      | Reached skill level 1 in Earth Magic
  2558 | D:3      | Reached skill level 1 in Poison Magic
  2735 | D:3      | Found a faded altar of an unknown god.
  2801 | D:3      | Reached XP level 5. HP: 37/37 MP: 11/14
  2888 | D:3      | Found Sola's Weapon Shop.
  3052 | D:3      | Found a runed translucent gate.
  3053 | D:3      | Found a runed translucent gate.
  3054 | D:3      | Found a runed translucent gate.
  3055 | D:3      | Noticed cyrus's ghost (amateur NaTm)
  3778 | D:4      | Reached XP level 6. HP: 23/44 MP: 12/16
  4271 | D:4      | Reached skill level 5 in Dodging
  4794 | D:4      | Reached XP level 7. HP: 51/51 MP: 7/18
  5662 | D:5      | Entered Level 5 of the Dungeon
  5808 | D:5      | Reached skill level 5 in Stealth
  6725 | D:6      | Noticed a steam dragon
  6738 | D:6      | Killed a steam dragon
  6739 | D:6      | Reached XP level 8. HP: 36/58 MP: 15/19
  7255 | D:6      | Reached skill level 8 in Spellcasting
  8069 | D:7      | You fall into a shaft and drop 3 floors!
  8069 | D:10     | Entered Level 10 of the Dungeon
  8069 | D:10     | Noticed an oklob plant
  8069 | D:10     | Noticed an oklob plant
  8069 | D:10     | Found a staircase to the Lair.
  8091 | D:10     | Noticed a wraith
  8105 | D:8      | Noticed a wyvern
  8114 | D:8      | Killed a wyvern
  8120 | D:8      | Reached XP level 9. HP: 65/65 MP: 16/21
  8201 | D:8      | Noticed a two-headed ogre
  8223 | D:8      | Killed a two-headed ogre
  8294 | D:7      | Learned a level 4 spell: Sticky Flame
  8440 | D:7      | HP: 1/65 [white imp/puff of frost (10)]
  8444 | D:7      | Killed from afar by a white imp

Illustrated notes

Levels and vault maps discovered:
D:1:      minmay_arrival_widening_spiral_narrow, layout_basic, serial_shops,
          nicolae_shop_behind_doors
D:2:      layout_loops_ring, serial_shops, shop_coins,
          nicolae_shop_window_shopping, nicolae_shop_trees, shop, shop,
          eino_tiny_chamber, minmay_cupped
D:3:      layout_basic, lemuel_round_altar, gammafunk_ghost_split,
          hellmonk_ecumenical_altar_crossroads, serial_shops,
          nicolae_shop_waterfront
D:4:      layout_layer_cave, dk_noncrumbling_3
D:5:      layout_loops_cross
D:6:      layout_loops_ring, minmay_misc_feat_room, grunt_ministairs_2,
          minmay_circle_x
D:7:      layout_cave_pods, minmay_temple_entry_oklob, serial_shops,
          nicolae_stop_n_shop_2, lemuel_old_faithful, uniq_joseph,
          uniq_crazy_yiuf_cottage, uniq_prince_ribbit1
D:8:      layout_cave_pools, enter_bailey_2
D:9:      layout_roguey, serial_shops, nicolae_lakefront_shop, st_stairs_12
D:10:     layout_long_grid, dpeg_oklobed_lair, hiddenorc2_lemuel, uniq_josephine

Skill      XL: |  1  2  3  4  5  6  7  8  9 |
---------------+----------------------------+-----
Conjurations   | 2 3 4 |  4.2
Summonings     | 2 3 4 |  4.2
Translocations | 2 3 4 |  4.2
Invocations    | 1 2 3 4 |  4.7
Fighting       | 1 2 3 4 |  4.2
Short Blades   | 1 2 3 4 |  4.2
Long Blades    | 1 2 3 4 |  4.2
Axes           | 1 2 3 4 |  4.2
Maces & Flails | 1 2 3 4 |  4.2
Polearms       | 1 2 3 4 |  4.2
Staves         | 1 2 3 4 |  4.2
Slings         | 1 2 3 4 |  4.2
Bows           | 1 2 3 4 |  4.2
Crossbows      | 1 2 3 4 |  4.2
Throwing       | 1 2 3 4 |  4.2
Armour         | 1 2 3 4 |  4.2
Shields        | 1 2 3 4 |  4.2
Unarmed Combat | 1 2 3 4 |  4.2
Evocations     | 1 2 3 4 |  4.2
Hexes          | 1 2 3 |  3.5
Necromancy     | 1 2 3 |  3.5
Transmutations | 1 2 3 |  3.5
Fire Magic     | 1 2 3 |  3.5
Ice Magic      | 1 2 3 |  3.5
Air Magic      | 1 2 3 |  3.5
Earth Magic    | 1 2 3 |  3.5
Poison Magic   | 1 2 3 |  3.5
Dodging        | 5 6 |  6.3
Stealth        | 5 6 |  6.0
Spellcasting   | 8 |  8.4

Action                   |  1- 3 |  4- 6 |  7- 9 || total
-------------------------+-------+-------+-------++-------
Melee: Dagger            |     2 |       |       ||     2
       Whip              |    16 |    52 |   117 ||   185
       Bite              |     3 |     8 |    16 ||    27
       Mace              |     1 |       |       ||     1
       Punch             |       |     3 |     4 ||     7
       Trident           |       |       |     6 ||     6
 Cast: Magic Dart        |    75 |   104 |   139 ||   318
       Mephitic Cloud    |       |     4 |     9 ||    13
       Blink             |       |       |     1 ||     1
Evoke: Wand              |       |       |     4 ||     4
 Stab: Sleeping          |     1 |       |     1 ||     2
       Confused          |       |       |     5 ||     5
Armor: Robe              |     7 |    11 |    20 ||    38
Dodge: Dodged            |    16 |    64 |    96 ||   176

Table legend: (Time is in decaauts)
 A = Elapsed time spent in this place.
 B = Non-inter-level travel time spent in this place.
 C = Inter-level travel time spent in this place.
 D = Time resting spent in this place.
 E = Time spent auto-exploring this place.
 F = Levels seen in this place.
 G = Mean time per level.
                   A        B        C        D        E       F      G
               +--------+--------+--------+--------+--------+-----+--------+
         Total |   8443 |   8264 |    179 |   1488 |   4967 |  10 |  844.3 |
       Dungeon |   8443 |   8264 |    179 |   1488 |   4967 |  10 |  844.3 |
               +--------+--------+--------+--------+--------+-----+--------+

Top non-repeatable levels by time:
     D:4: 1907 daAuts
     D:3: 1514 daAuts
     D:6: 1358 daAuts
     D:1: 1218 daAuts
     D:5: 1030 daAuts
     D:2: 1025 daAuts
     D:7: 201 daAuts
     D:8: 149 daAuts
    D:10: 28 daAuts
     D:9: 6 daAuts
